 Dungeon Crawl Stone Soup version 0.29.1-13-g9f3cf754e1 (webtiles) character file.

Game seed: 6591813265826746111

31 Peloso the Shield-Bearer (level 3, 33/33 HPs)
             Began as a Minotaur Fighter on Jan 23, 2023.
             Got out of the dungeon alive.
             The game lasted 00:01:25 (1200 turns).

Peloso the Shield-Bearer (Minotaur Fighter)         Turns: 1200, Time: 00:01:26

Health: 33/33      AC:  7    Str: 16 (17) XL:     3   Next: 7%
Magic:  2/2        EV:  9    Int:  8 (9)  God:
Gold:   8          SH:  4    Dex:  8 (10) Spells: 2/2 levels left

rFire   . . .      SeeInvis .   a - +0 long sword (freeze)
rCold   . . .      Faith    .   c - +0 buckler
rNeg    . . .      Spirit   .   b - +0 scale mail
rPois   .          Reflect  .   (helmet restricted)
rElec   .          Harm     .   (no cloak)
rCorr   .          Rampage  .   (no gloves)
Will    .....                   (no boots)
Stlth   ..........              (no amulet)
HPRegen 0.11/turn               (no ring)
MPRegen 0.08/turn               (no ring)

@: no status effects
A: horns 2, retaliatory headbutt, clever 1, weak 1
a: no special abilities


You escaped.
You visited 1 branch of the dungeon, and saw 1 of its levels.

You collected 8 gold pieces.

Inventory:

Hand Weapons
 a - a +0 long sword of freezing (weapon)
Armour
 b - a +0 scale mail (worn)
 c - a +0 buckler (worn)
Potions
 d - a potion of might
 i - a potion of attraction {unknown}


   Skills:
 + Level 3.9 Fighting
 + Level 2.8 Long Blades
 + Level 4.0 Armour
 + Level 0.9 Dodging
 + Level 4.1 Shields


You had 2 spell levels left.
You didn't know any spells.
Your spell library was empty.

Dungeon Overview and Level Annotations

Branches:
Dungeon (1/15)

Altars:


Innate Abilities, Weirdness & Mutations

You have a pair of horns on your head.
You reflexively headbutt those who attack you in melee.
Your mind is acute. (Int +4, Str/Dex -1)
You are weak. (Str -2)


Message History

The goblin misses you. The goblin hits you with a +0 club.
You closely miss the goblin. You headbutt the goblin.
You kill the goblin!
An endoplasm comes into view.
The endoplasm quivers.
An endoplasm is nearby!
The endoplasm freezes you.
You are frozen.
You hit the endoplasm but do no damage. The endoplasm freezes you.
You are frozen.
You hit the endoplasm.
The endoplasm is severely wounded.
The endoplasm freezes you.
You are frozen.
The endoplasm hits you but does no damage.
You hit the endoplasm.
You kill the endoplasm!
i - a sapphire potion
There is an open door here.
Done exploring.
Key pressed, stopping explore.
Done exploring.
Done exploring.
Done exploring.
As you read the scroll labelled UMU EDOACSU, it crumbles to dust.
You hear a loud clanging noise!
It was a scroll of noise.
As you read the scroll labelled ENIKKEOVOA, it crumbles to dust.
It is a scroll of brand weapon.
Your +0 long sword is covered with a thin layer of ice!
a - a +0 long sword of freezing (weapon)
It was a potion of degeneration.
There was something very wrong with that liquid.
You feel weakened.
You feel dopey.
You feel clumsy.
It was a potion of mutation.
You feel extremely strange.
You feel clever.
You feel weaker.
There is a staircase leading out of the dungeon here.
Are you sure you want to leave the Dungeon?
This will make you lose the game!
You have escaped!

#### ###
#..#########@#
#...#.##.##.##
#...........#
#...........##
##....[#.#.#..#
##..###.#..#.#>#
###..##
##########
....## ###.#


There were no monsters in sight!

Vanquished Creatures
  A dart slug (D:1)
  A ball python (D:1)
  7 endoplasms (D:1)
  2 giant cockroaches (D:1)
  3 goblins (D:1)
  2 quokkas (D:1)
  5 bats (D:1)
  2 kobolds (D:1)
  A rat (D:1)
24 creatures vanquished.

Notes
Turn   | Place    | Note
-------+----------+-------------------------------------------
     0 | D:1      | Peloso the Minotaur Fighter began the quest for the Orb.
     0 | D:1      | Reached XP level 1. HP: 19/19 MP: 0/0
   298 | D:1      | Reached XP level 2. HP: 27/27 MP: 1/1
   788 | D:1      | Reached XP level 3. HP: 29/33 MP: 2/2
  1193 | D:1      | Gained mutation: Your mind is acute. (Int +4, Str/Dex -1)
                  | [potion of mutation]
  1193 | D:1      | Gained mutation: You are weak. (Str -2) [potion of
                  | mutation]
  1200 | D:$      | Got out of the dungeon alive.

Illustrated notes

Levels and vault maps discovered:
D:1:      minmay_arrival_jagged, layout_basic

Skill      XL: |  1  2 |
---------------+-------+-----
Shields        | 4 |  4.1
Armour         | 4 |  4.0
Fighting       | |  3.9
Long Blades    | |  2.8
Dodging        | |  0.9

Action                   || total
-------------------------++-------
Melee: Long sword        ||    46
       Headbutt          ||     6
  Use: Scroll            ||     2
       Potion            ||     2
Armor: Scale mail        ||    21
Dodge: Dodged            ||    21
Block: Buckler           ||     6
